 Dungeon Crawl Stone Soup version 0.30.1 (webtiles) character file.

Game seed: 10996788464393476808

5948 anacleto the Grappler (level 10, -4/100 HPs)
             Began as a Troll Gladiator on July 13, 2023.
             Slain by an acid dragon (7 damage)
             ... on level 9 of the Dungeon.
             The game lasted 00:23:51 (8455 turns).

anacleto the Grappler (Troll Gladiator)             Turns: 8455, Time: 00:23:52

Health: -4/100     AC:  1    Str: 28    XL:     10   Next: 54%
Magic:  9/9        EV: 10    Int:  4    God:
Gold:   512        SH:  0    Dex: 11    Spells: 9/9 levels left

rFire   . .          .
                       - Unarmed
rCold   . . .        (no shield)
rNeg    . . .        a - +0 robe
rPois   .            b - +0 hat
rElec   .            v - +0 cloak
rCorr   .            (gloves unavailable)
SInv    .            (boots unavailable)
Will    .....        (no amulet)
Stlth   +            (no ring)
HPRegen 1.16/turn    (no ring)
MPRegen 0.11/turn

%: no passive effects
@: corroded, invisible
A: large, unfitting armour, claws 3, regeneration 1, shaggy fur 1, tough skin 1
a: no special abilities


You were on level 9 of the Dungeon.
You visited 2 branches of the dungeon, and saw 10 of its levels.
You also visited: Sewer and Ossuary.

You collected 512 gold pieces.

Inventory:

Missiles
 c - 2 throwing nets (quivered)
 d - 4 large rocks
 f - 6 curare-tipped darts
 r - 15 poisoned darts
Armour
 a - a +0 robe (worn)
 b - a +0 hat (worn)
 v - a +0 cloak (worn)
Jewellery
 i - the ring "Retid" {rF+ Will+ Slay-3 SInv}
   (You found it on level 4 of the Dungeon)

   [ring of protection from fire]

   Slay:      It affects your accuracy & damage with ranged weapons and melee
   (-3).
   rF:        It protects you from fire.
   SInv:      It lets you see invisible.
   Will:      It increases your willpower.
 y - a ring of magical power
Wands
 n - a wand of charming (6)
 q - a wand of iceblast (5)
 w - a wand of mindburst (12)
Scrolls
 h - 2 scrolls of poison
 j - 3 scrolls of enchant weapon
 k - 7 scrolls of vulnerability
 u - 2 scrolls of enchant armour
Potions
 e - 2 potions of ambrosia
 g - 3 potions of attraction
 l - 2 potions of magic
 m - a potion of curing
 s - 2 potions of haste
 t - a potion of heal wounds {unknown}
 x - 2 potions of brilliance


   Skills:
 + Level 6.8 Fighting
 + Level 7.5 Throwing
 - Level 2.4 Dodging
 * Level 11.7 Unarmed Combat


You had 9 spell levels left.
You didn't know any spells.
Your spell library contained the following spells:

 Spells                   Type           Power      Damage    Failure   Level
 Freeze                   Ice            0%         1d3       50%         1
 Magic Dart               Conj           0%         1d3       50%         1
 Sting                    Tmut/Pois      0%         1d3       50%         1
 Call Imp                 Summ           0%         N/A       65%         2
 Poisonous Vapours        Pois/Air       0%         N/A       65%         2
 Frozen Ramparts          Ice            0%         1d1       86%         3
 Hailstorm                Conj/Ice       0%         3d3       86%         3
 Mephitic Cloud           Conj/Pois/Air  0%         N/A       86%         3
 Portal Projectile        Hex/Tloc       0%         N/A       86%         3
 Tukima's Dance           Hex            0%         N/A       86%         3
 Olgreb's Toxic Radiance  Pois           0%         N/A       99%         4
 Blade Hands              Tmut           0%         N/A       100%        5
 Discord                  Hex            0%         N/A       100%        8
 Ignition                 Fire           0%         3d3       100%        8


Dungeon Overview and Level Annotations

Branches:
Dungeon (9/15)             Temple (1/1) D:5           Sewer (visited)
Ossuary (visited)
   Lair: D:8-11         Orc: D:9-12

Altars:
Ashenzari
Cheibriados
Dithmenos
Elyvilon
Fedhas
Gozag
Hepliaklqana
Kikubaaqudgha
Makhleb
Nemelex Xobeh
Okawaru
Ru
Sif Muna
Trog
Uskayaw
Vehumet
Xom
Yredelemnul
Zin
The Shining One

Annotations:
D:2 1 runed translucent door, Crazy Yiuf
D:5 3 runed translucent doors, Babbit's ghost, amateur MiFi
D:7 2 runed translucent doors, Sanktem7's ghost, novice MiFi
D:9 Maggie


Innate Abilities, Weirdness & Mutations

You are too large for most types of armour.
You have claws for hands.
Your natural rate of healing is unusually fast.
You are covered in fur. (AC +1)
You have tough skin. (AC +1)


Message History

The acid dragon bites you but does no damage.
The acid dragon claws you but does no damage.
The kobold brigand closely misses you.
You mangle Maggie!!
Maggie is heavily wounded.
You feel sick. Maggie barely misses you.
You closely miss Maggie.
Maggie is heavily wounded.
You feel sick. The acid dragon spits acid at you. The splash of acid hits you!!
* * * LOW HITPOINT WARNING * * *
The acid corrodes you!
The kobold brigand hits you with a +0 dagger!
* * * LOW HITPOINT WARNING * * *
Maggie closely misses you.
Unknown command.
You feel better. The acid dragon barely misses you. The acid dragon claws you.
* * * LOW HITPOINT WARNING * * *
The kobold hits you with a +0 short sword.
* * * LOW HITPOINT WARNING * * *
The kobold brigand barely misses you.
Maggie points at you and mumbles some strange words.
The bolt of fire misses you.
Okay, then.
You fade into invisibility!
You are engulfed in a cloud of scalding steam.
* * * LOW HITPOINT WARNING * * *
The acid dragon barely misses you. The acid dragon claws you.
* * * LOW HITPOINT WARNING * * *
The kobold barely misses you.
The kobold throws a stone.
The stone closely misses the kobold brigand.
The stone closely misses you. The kobold brigand barely misses you.
Maggie splashes around in the water.
You feel better.
You hear the faint creaking of a portcullis.
You are engulfed in a cloud of scalding steam.
* * * LOW HITPOINT WARNING * * *
The acid dragon bites you!
You die...

........# §☼..§§.# #
#§§°...# #○#.§§§..
#☼#○§§○. ####○☼☼...
○§○.g§.°)# #
....°~☼°~○≈@D###.####
#.#..~##.##@KK.......
....~# #≈KK○..☼☼..
#..~# #§§###○##.#
#..~# #○.# #
#..~#####☼°#
.######..~~≈~~~~☼#
...........D..○○§#
###+##.......☼☼.§#
#...........#


You could see Maggie (poisoned), an acid dragon, 2 kobold brigands, a goblin and
2 kobolds.

Vanquished Creatures
  A two-headed ogre (D:8)
  Amaemon (D:8)
  Joseph (D:8)
  An orange demon (D:8)
  Grinder (D:3)
  A vampire (D:8)
  A wraith (Ossuary)
  Eustachio (D:5)
  4 steam dragons
  A water moccasin (D:7)
  Duvessa (D:5)
  Pargi (Sewer)
  2 black bears (D:4)
  An orc warrior (D:7)
  An ice beast (D:5)
  4 sky beasts
  A phantom (D:5)
  2 kobold brigands
  2 bullfrogs
  2 gnoll sergeants
  4 scorpions
  3 wights (D:8)
  Dowan (D:5)
  2 howler monkeys
  4 hounds
  2 gnoll boudas (D:7)
  4 orc priests
  6 iguanas
  6 orc wizards
  A mummy (Ossuary)
  17 gnolls
  16 adders
  A shadow imp (D:5)
  3 worms
  A dart slug (D:5)
  28 orcs
  8 ball pythons
  8 endoplasms
  12 giant cockroaches
  11 goblins
  8 hobgoblins
  2 jackals (D:1)
  7 quokkas
  3 bats
  4 frilled lizards
  5 gnoll skeletons (Ossuary)
  21 kobolds
  11 kobold skeletons (Ossuary)
  9 orc skeletons (Ossuary)
  12 rats
250 creatures vanquished.

Vanquished Creatures (others)
  A goblin (D:9)
  4 kobolds (D:9)
5 creatures vanquished.

Grand Total: 255 creatures vanquished

Notes
Turn   | Place    | Note
-------+----------+-------------------------------------------
     0 | D:1      | anacleto the Troll Gladiator began the quest for the Orb.
     0 | D:1      | Reached XP level 1. HP: 19/19 MP: 0/0
   105 | D:1      | Reached XP level 2. HP: 27/28 MP: 1/1
   592 | D:1      | Reached XP level 3. HP: 35/35 MP: 2/2
   910 | D:2      | Reached skill level 4 in Unarmed Combat
   989 | D:2      | Reached XP level 4. HP: 40/42 MP: 3/3
  1632 | D:2      | Found a runed translucent door.
  1633 | D:2      | Noticed Crazy Yiuf
  2292 | D:3      | Noticed Grinder
  2297 | D:3      | Paralysed by Grinder for 3 turns
  2304 | D:3      | Killed Grinder
  2305 | D:3      | Reached skill level 5 in Unarmed Combat
  2305 | D:3      | Reached XP level 5. HP: 28/53 MP: 4/4
  2305 | D:3      | Reached XP level 6. HP: 33/61 MP: 5/5
  2694 | D:4      | Reached skill level 6 in Unarmed Combat
  2694 | D:4      | Reached XP level 7. HP: 49/67 MP: 6/6
  2749 | D:4      | Identified the ring "Retid" {rF+ Will+ Slay-3 SInv}
  2763 | D:4      | Found a bloodstained altar of Trog.
  2816 | D:4      | Found a glowing drain.
  2822 | Sewer    | Entered a sewer
  2920 | Sewer    | Noticed Pargi
  2928 | Sewer    | Killed Pargi
  2970 | Sewer    | Identified the +7 quarterstaff of the Pyrrhic Victory
                  | {antimagic, Int+3}
  3353 | D:4      | Reached skill level 7 in Unarmed Combat
  3406 | D:4      | Found a sparkling altar of Nemelex Xobeh.
  3597 | D:5      | Entered Level 5 of the Dungeon
  3599 | D:5      | Found a hide-covered altar of Uskayaw.
  3654 | D:5      | Found a sand-covered staircase.
  3665 | Ossuary  | Entered an ossuary
  3665 | Ossuary  | Noticed a wraith
  3665 | Ossuary  | Noticed a wraith
  3665 | Ossuary  | Noticed a wraith
  3845 | Ossuary  | Noticed a wraith
  3881 | Ossuary  | Killed a wraith
  3882 | Ossuary  | Reached XP level 8. HP: 49/78 MP: 7/7
  4327 | D:5      | Found a runed translucent gate.
  4327 | D:5      | Found a runed translucent gate.
  4327 | D:5      | Found a runed translucent gate.
  4336 | D:5      | Noticed Babbit's ghost (amateur MiFi)
  4362 | D:5      | Found a staircase to the Ecumenical Temple.
  4383 | D:5      | Reached skill level 8 in Unarmed Combat
  4388 | D:5      | Noticed Eustachio
  4395 | D:5      | Reached skill level 5 in Throwing
  4408 | Temple   | Entered the Ecumenical Temple
  4646 | D:5      | Killed Eustachio
  4669 | D:5      | Identified the +3 ring mail of Okawaru's Delight {Dex+6}
  4921 | D:5      | Noticed Duvessa
  4928 | D:5      | Killed Duvessa
  4929 | D:5      | Reached skill level 5 in Fighting
  4930 | D:5      | Noticed Dowan
  4937 | D:5      | Killed Dowan
  4959 | D:5      | Reached XP level 9. HP: 88/88 MP: 8/8
  5140 | D:6      | Reached skill level 9 in Unarmed Combat
  6036 | D:6      | Found a glowing golden altar of the Shining One.
  6755 | D:7      | Found a large runed translucent door.
  6755 | D:7      | Found a large runed translucent door.
  6759 | D:7      | Noticed Sanktem7's ghost (novice MiFi)
  6821 | D:7      | Reached skill level 10 in Unarmed Combat
  7525 | D:8      | Noticed Amaemon
  7526 | D:8      | Noticed an orange demon
  7535 | D:8      | Killed Amaemon
  7536 | D:8      | Reached XP level 10. HP: 50/98 MP: 9/9
  7540 | D:8      | Killed an orange demon
  7687 | D:8      | Noticed Joseph
  7697 | D:8      | Killed Joseph
  7698 | D:8      | Reached skill level 11 in Unarmed Combat
  7712 | D:8      | Noticed a two-headed ogre
  7988 | D:8      | Killed a two-headed ogre
  8440 | D:9      | Noticed Maggie
  8452 | D:9      | HP: 5/100 [kobold brigand/+0 dagger (8)]
  8454 | D:9      | HP: 2/100 [Maggie] (10)]
  8455 | D:9      | Slain by an acid dragon

Illustrated notes

Levels and vault maps discovered:
D:1:      psy_arrival_conway, layout_basic, kennysheep_nondescript,
          dk_noncrumbling_4, minmay_heptomino_o4
D:2:      layout_basic, minmay_worlds_worst_comb, uniq_crazy_yiuf_cottage
D:3:      layout_loops_corners, uniq_grinder
D:4:      minmay_evil_eye, layout_basic, mainiacjoe_overflow_catwalk_spiral,
          gup_sewer_entry_bubbles
D:5:      kb_forest_paths, layout_basic, mainiacjoe_overflow_cross_hatched,
          minmay_temple_entry_butterflies, nicolae_ossuary_entry_plus,
          biasface_ghost_orc_armoury, uniq_duvessa, uniq_eustachio
D:6:      layout_gridville, lemuel_round_altar, minmay_misc_feat_iff
D:7:      layout_loops_ring, ebering_ghost_disaster_area, dk_rats_in_the_wall
D:8:      layout_basic, uniq_amaemon, uniq_joseph
D:9:      layout_basic, nicolae_wu_jian_immortal_techniques, enter_bailey_3,
          uniq_pikel, uniq_maggie, uniq_erica
Temple:   minmay_temple_bridge_d

Skill      XL: |  1  2  3  4  5  6  7  8  9 10 |
---------------+-------------------------------+-----
Throwing       | 2 3 4 5 6 7 |  7.5
Fighting       | 2 3 4 5 6 |  6.8
Unarmed Combat | 4 5 6 7 8 10 11 | 11.7
Dodging        | |  2.4

Action                     |  1- 3 |  4- 6 |  7- 9 | 10-12 || total
---------------------------+-------+-------+-------+-------++-------
  Melee: Unarmed           |    98 |    84 |   374 |    56 ||   612
         Punch             |     1 |     1 |    21 |     1 ||    24
  Throw: Boomerang         |       |    12 |    24 |       ||    36
         Dart              |       |       |     8 |     8 ||    16
         Large rock        |       |       |     4 |     4 ||     8
         Throwing net      |       |       |     2 |     3 ||     5
  Evoke: Wand              |       |       |     7 |       ||     7
    Use: Potion            |       |     2 |     4 |     6 ||    12
         Scroll            |       |     6 |    12 |     5 ||    23
   Stab: Sleeping          |     2 |     1 |     4 |       ||     7
         Held in net/web   |       |       |       |     1 ||     1
 Armour: Robe              |    39 |    25 |   120 |    22 ||   206
         Skin              |       |       |     8 |     6 ||    14
  Dodge: Dodged            |    51 |    35 |   191 |    39 ||   316
